 Dungeon Crawl Stone Soup version 0.23-a0-577-g2b1de94 (webtiles) character file.

14269 ploppy the Transmogrifier (level 12, -2/145 HPs)
             Began as a Merfolk Transmuter on Dec 16, 2018.
             Was a High Priest of Makhleb.
             Slain by a skeletal warrior
             ... wielding a +0 short sword
             ... led by a skeletal warrior
              (9 damage)
             ... on level 10 of the Dungeon.
             The game lasted 01:03:30 (14885 turns).

ploppy the Transmogrifier (Merfolk Transmuter)     Turns: 14885, Time: 01:03:30

Health: -2/145     AC:  6    Str: 13 (15) XL:     12   Next: 14%
Magic:  17/24      EV: 16    Int: 12 (13) God:    Makhleb [*****.]
Gold:   716        SH:  0    Dex: 20 (22) Spells: 15/28 levels left

rFire    x . .     SeeInvis .     - Unarmed
rCold    + + +     Gourm    .   (shield currently unavailable)
rNeg     . . .     Faith    .   (armour currently unavailable)
rPois    +         Spirit   .   (helmet currently unavailable)
rElec    .         Reflect  .   (cloak currently unavailable)
rCorr    .         Harm     .   (gloves currently unavailable)
MR       .....     Clarity  +   (boots currently unavailable)
Stlth    ..........             (no amulet)
HPRegen  0.34/turn              p - +3 ring of dexterity
MPRegen  0.19/turn              t - +2 ring of evasion

@: berserking, confusing touch, ice-form, very quick
A: large, (change form in water), (swift swim), (stealthy swim), clarity
a: End Transformation, Minor Destruction, Lesser Servant of Makhleb, Major
Destruction, Greater Servant of Makhleb, Renounce Religion


You were on level 10 of the Dungeon.
You worshipped Makhleb.
Makhleb was extremely pleased with you.
You were hungry.
You were a creature of crystalline ice.
You visited 1 branch of the dungeon, and saw 12 of its levels.
You also visited: Sewer and Ossuary.

You collected 813 gold pieces.
You spent 97 gold pieces at shops.

Inventory:

Hand Weapons
 u - a +0 blowgun
 N - a +2 trident
Missiles
 a - 276 arrows
 h - 230 stones (quivered)
 m - a throwing net
 v - 18 poisoned needles
 E - 10 tomahawks
 O - 4 needles of sleeping
Armour
 b - a +1 cloak of invisibility (melded)
 q - a +2 helmet (melded)
 x - a +1 robe of fire resistance (melded)
 A - a +0 pair of gloves (melded)
Jewellery
 p - a +3 ring of dexterity (left front paw)
 t - a +2 ring of evasion (right front paw)
Wands
 c - a wand of enslavement (10)
 e - a wand of acid (2)
 l - a wand of polymorph (10)
 y - a wand of digging (4)
 D - a wand of flame (52)
 F - a wand of disintegration (4)
Scrolls
 f - 6 scrolls of teleportation
 g - a scroll of fog
 k - 2 scrolls of holy word
 s - 4 scrolls of amnesia
 B - 6 scrolls of magic mapping
 C - 2 scrolls of remove curse
 I - a scroll of torment {unknown}
 P - a scroll of fear
 Q - a scroll of noise {unknown}
 R - a scroll of identify
Potions
 i - 2 potions of flight
 j - 10 potions of curing
 o - a potion of invisibility {unknown}
 r - a potion of might
 w - 3 potions of haste
 z - 3 potions of agility
 G - 3 potions of heal wounds
 H - 2 potions of lignification
 J - a potion of magic {unknown}
 K - a potion of cancellation {unknown}
 L - a potion of resistance {unknown}
 M - a potion of mutation
Comestibles
 d - 31 rations


   Skills:
 - Level 3.2 Fighting
 + Level 6.5 Dodging
 + Level 11.4 Unarmed Combat
 * Level 8.9 Spellcasting
 - Level 3.0 Hexes
 * Level 1.2 Necromancy
 * Level 1.3 Translocations
 * Level 11.4 Transmutations
 - Level 6.0 Ice Magic
 - Level 3.0 Poison Magic
 - Level 3.0 Invocations
 * Level 3.5 Evocations


You had 15 spell levels left.
You knew the following spells:

 Your Spells              Type           Power        Failure   Level  Hunger
a - Beastly Appendage     Tmut           ####..       1%          1    None
b - Sticks to Snakes      Tmut           ####....     1%          2    None
c - Spider Form           Tmut/Pois      ###.......   1%          3    ##.....
d - Ice Form              Ice/Tmut       ####....     3%          4    ####...
e - Confusing Touch       Hex            ##....       3%          1    None
f - Animate Skeleton      Necr           N/A          8%          1    None
g - Apportation           Tloc           #.....       8%          1    None

Your spell library contained the following spells:

 Spells                   Type           Power        Failure   Level  Hunger
 Blade Hands              Tmut           ####......   3%          5    #####..
 Summon Small Mammal      Summ           #...         14%         1    None
 Call Imp                 Summ           #.......     21%         2    None
 Summon Guardian Golem    Hex/Summ       #.......     22%         3    ##.....
 Summon Ice Beast         Ice/Summ       ##......     36%         4    ####...
 Call Canine Familiar     Summ           #.......     38%         3    ##.....
 Summon Lightning Spire   Summ/Air       #.......     80%         4    ####...


Dungeon Overview and Level Annotations

Branches:
Dungeon (12/15)            Temple (0/1) D:4            Lair (0/6) D:10
    Orc (0/2) D:9

Altars:
Cheibriados
Elyvilon
Fedhas
Gozag
Makhleb
Nemelex Xobeh
Okawaru
Ru
Trog
Vehumet
Wu Jian
Xom
Zin

Shops:
D:9 *   D:11 ?

Annotations:
D:10 exclusions: door and 2 downstairs
D:11 exclusion: 2 downstairs


Innate Abilities, Weirdness & Mutations

((You revert to your normal form in water.))
((You are very nimble and swift while swimming.))
((You are very stealthy in the water. (Stealth+)))
You possess an exceptional clarity of mind.
((Your system is resistant to poisons. (rPois)))


Message History

Your front paws begin to glow red.
The skeletal warrior seems less confused.
The skeletal warrior hits you with a +0 short sword!
* * * LOW HITPOINT WARNING * * *
You feel much better.
The skeletal warrior hits you but does no damage.
A red film seems to cover your vision as you go berserk!
You feel yourself moving faster!
You feel mighty!
The skeletal warrior hits you with a +0 short sword!
* * * LOW HITPOINT WARNING * * *
You hit the skeletal warrior but do no damage.
The skeletal warrior is heavily damaged.
The skeletal warrior hits you with a +0 short sword!!
* * * LOW HITPOINT WARNING * * *
You hit the skeletal warrior but do no damage.
The skeletal warrior is heavily damaged.
You hit the skeletal warrior but do no damage.
The skeletal warrior is heavily damaged.
The skeletal warrior hits you with a +0 short sword!
You die...

#..........# # #######'####
# #..# ##.## # ####### #..#
# #.....#### ###.###### #
#.....'..## #........#####
#.....##..####...........##
#.....###.Yz..........##.##
#.....# ######........##.##
#.....# #........##.÷#
#.....# #........###.÷
##'#### #........# ###
#.### ###.###### # #...#
#..# # ###.# #.## #
#####.##### #.# #


You could see a skeletal warrior.

Vanquished Creatures
  Harold (D:9)
  A skeletal warrior (D:11)
  2 unseen horrors (D:10)
  Pikel (D:4)
  An ugly thing (D:12)
  Maurice (D:9)
  A centaur zombie (D:10)
  A gargoyle (D:11)
  2 centaur skeletons
  2 trolls
  A hornet (D:8)
  A spriggan (D:7)
  A wraith (D:12)
  A wyvern (D:11)
  11 yaks (D:10)
  A hungry ghost (D:7)
  Edmund (D:6)
  4 vampire mosquitoes (D:10)
  Duvessa (D:4)
  3 water moccasins (D:9)
  A hornet zombie (D:6)
  2 sky beasts
  A black bear (D:9)
  4 ice beasts
  2 orc warriors (D:6)
  2 slaves (D:4)
  An eye of draining (D:11)
  2 phantoms
  6 ogres
  4 centaurs
  5 big kobolds (Sewer)
  Blork the orc (D:6)
  A wyvern zombie (D:10)
  4 bullfrogs
  Dowan (D:4)
  3 scorpions
  7 killer bees
  4 wights (D:11)
  6 crimson imps
  4 howler monkeys
  7 hounds
  2 jellies
  A bullfrog zombie (D:7)
  2 bullfrog skeletons
  5 orc priests
  Crazy Yiuf (D:2)
  14 orc wizards
  Jessica (D:2)
  5 iguanas
  5 worker ants
  A killer bee zombie (D:7)
  A big kobold zombie (Ossuary)
  A hound zombie (D:10)
  8 mummies (Ossuary)
  2 hound skeletons
  Robin (D:2)
  3 worker ant zombies
  3 gnolls (D:5)
  13 adders
  A river rat (Sewer)
  2 shadow imps
  5 oozes
  10 worms
  3 dart slugs
  6 leopard geckos
  39 orcs
  3 ball pythons
  5 bats
  9 giant cockroaches
  A gnoll zombie (Ossuary)
  19 goblins
  10 hobgoblins
  6 jackals
  A quokka (D:10)
  A frilled lizard (D:1)
  2 hobgoblin zombies (Ossuary)
  15 kobolds
  2 kobold zombies (Ossuary)
  2 orc zombies (Ossuary)
  2 quokka zombies
  13 rats
332 creatures vanquished.

Vanquished Creatures (collateral kills)
  A two-headed ogre (D:9)
  A black bear (D:9)
  An ice beast (D:5)
  An ogre (D:6)
  2 killer bees (D:12)
6 creatures vanquished.

Grand Total: 338 creatures vanquished

Notes
Turn   | Place    | Note
-------+----------+-------------------------------------------
     0 | D:1      | ploppy the Merfolk Transmuter began the quest for the Orb.
     0 | D:1      | Reached XP level 1. HP: 15/15 MP: 3/3
    36 | D:1      | Reached XP level 2. HP: 17/21 MP: 5/5
    52 | D:1      | Learned a level 2 spell: Sticks to Snakes
   615 | D:1      | Reached XP level 3. HP: 26/26 MP: 4/6
   965 | D:1      | Learned a level 3 spell: Spider Form
  1322 | D:2      | Noticed Jessica
  1334 | D:2      | Killed Jessica
  1334 | D:2      | Reached XP level 4. HP: 18/32 MP: 4/7
  1501 | D:2      | Noticed Robin
  1536 | D:2      | Reached skill level 1 in Poison Magic
  1609 | D:2      | Killed Robin
  1908 | D:2      | Reached XP level 5. HP: 37/38 MP: 8/8
  1919 | D:2      | Found a shimmering altar of Xom.
  1969 | D:2      | Found a burning altar of Makhleb.
  1995 | D:2      | Became a worshipper of Makhleb the Destroyer
  2132 | D:2      | Found a blossoming altar of Fedhas.
  2389 | D:2      | Found an ornate altar of the Wu Jian Council.
  2431 | D:2      | Found a runed door.
  2507 | D:2      | Noticed Crazy Yiuf
  2511 | D:2      | Killed Crazy Yiuf
  2511 | D:2      | Reached skill level 5 in Unarmed Combat
  2778 | D:3      | Found a faded altar of an unknown god.
  2791 | D:3      | Reached XP level 6. HP: 32/44 MP: 6/10
  2897 | D:3      | Reached * piety under Makhleb
  3137 | D:3      | Found a glowing drain.
  3152 | Sewer    | Entered a sewer
  3244 | Sewer    | Learned a level 4 spell: Ice Form
  3538 | Sewer    | Reached XP level 7. HP: 45/49 MP: 8/11
  3557 | Sewer    | Reached skill level 1 in Ice Magic
  4022 | Sewer    | Reached ** piety under Makhleb
  4196 | D:3      | Found a sparkling altar of Nemelex Xobeh.
  4385 | D:4      | Found a sacrificial altar of Ru.
  4837 | D:4      | Reached skill level 5 in Transmutations
  4933 | D:4      | Reached XP level 8. HP: 44/56 MP: 7/13
  5032 | D:4      | Found a staircase to the Ecumenical Temple.
  5121 | D:4      | Noticed Pikel
  5146 | D:4      | Killed Pikel
  5432 | D:4      | Found a snail-covered altar of Cheibriados.
  5437 | D:4      | Noticed Dowan
  5474 | D:4      | Noticed Duvessa
  5484 | D:4      | Killed Duvessa
  5495 | D:4      | Killed Dowan
  5596 | D:4      | Found a glowing silver altar of Zin.
  5596 | D:4      | Found an opulent altar of Gozag.
  5845 | D:5      | Entered Level 5 of the Dungeon
  6001 | D:5      | Reached XP level 9. HP: 62/62 MP: 7/16
  6017 | D:5      | Reached *** piety under Makhleb
  6017 | D:5      | Reached skill level 5 in Spellcasting
  6786 | D:6      | Found a sand-covered staircase.
  6832 | D:6      | Noticed Edmund
  6858 | D:6      | Killed Edmund
  7013 | D:6      | Reached skill level 1 in Invocations
  7039 | Ossuary  | Entered an ossuary
  7108 | Ossuary  | Reached **** piety under Makhleb
  7593 | D:6      | Noticed Blork the orc
  7609 | D:6      | Killed Blork the orc
  7742 | D:6      | Reached skill level 5 in Ice Magic
  7836 | D:6      | Reached XP level 10. HP: 25/70 MP: 20/20
  9770 | D:8      | Found a white marble altar of Elyvilon.
  9774 | D:8      | Found a radiant altar of Vehumet.
  9779 | D:8      | Found an iron altar of Okawaru.
 10020 | D:8      | Reached skill level 10 in Transmutations
 10126 | D:9      | Reached ***** piety under Makhleb
 10236 | D:9      | Noticed a two-headed ogre
 10495 | D:9      | Learned a level 1 spell: Confusing Touch
 10556 | D:9      | Killed a two-headed ogre
 10563 | D:9      | Reached skill level 1 in Hexes
 10911 | D:9      | Found Orchurph's Serpentskin Sales.
 10927 | D:9      | Reached skill level 5 in Dodging
 10935 | D:9      | Reached XP level 11. HP: 75/75 MP: 20/23
 10974 | D:9      | Noticed Maurice
 11255 | D:9      | Killed Maurice
 11291 | D:9      | Noticed Harold
 11304 | D:9      | Killed Harold
 11304 | D:9      | Reached skill level 10 in Unarmed Combat
 11304 | D:9      | Reached skill level 1 in Evocations
 11320 | D:9      | Found a staircase to the Orcish Mines.
 11403 | D:9      | Found a bloodstained altar of Trog.
 11483 | D:10     | Entered Level 10 of the Dungeon
 11566 | D:10     | Found a staircase to the Lair.
 12425 | D:10     | Killed an unseen horror
 12439 | D:10     | Killed an unseen horror
 12967 | D:10     | Learned a level 1 spell: Animate Skeleton
 12969 | D:10     | Learned a level 1 spell: Apportation
 13024 | D:10     | Gained mutation: Your system is resistant to poisons.
                  | (rPois) [potion of mutation]
 13024 | D:10     | Gained mutation: You possess an exceptional clarity of
                  | mind. [potion of mutation]
 13380 | D:11     | Reached XP level 12. HP: 81/81 MP: 20/24
 13589 | D:11     | Reached skill level 1 in Necromancy
 13589 | D:11     | Reached skill level 1 in Translocations
 13698 | D:11     | Found Lucvor's Magic Scroll Boutique.
 14350 | D:12     | Noticed a two-headed ogre
 14369 | D:11     | Bought a scroll of fear for 45 gold pieces
 14369 | D:11     | Bought a scroll of identify for 26 gold pieces
 14369 | D:11     | Bought a scroll of identify for 26 gold pieces
 14875 | D:10     | HP: 4/97 [skeletal warrior/+0 short sword[a skeletal
                  | warrior] (8)]
 14883 | D:10     | HP: 7/145 [skeletal warrior/+0 short sword[a skeletal
                  | warrior] (22)]
 14885 | D:10     | Slain by a skeletal warrior

Vault maps used:
D:1:      dpeg_arrival_chambers_temple_mockup
D:2:      makhleb_heckhound_becter, lemuel_coloured_pillars_altar,
          lemuel_doored_altar, lemuel_crystal_altar, uniq_robin, uniq_jessica,
          uniq_crazy_yiuf_cottage
D:3:      nemelex_xobeh_ov_fountains_minmay, first_ration,
          cheibrodos_sewer_entry_drain, chequers_ecumenical_altar_simple_redux
D:4:      grunt_temple_overflow_gold_and_silver, lemuel_crystal_altar,
          cheibriados_altar_1, minmay_temple_entry_glass, uniq_pikel,
          uniq_duvessa
D:6:      nicolae_ossuary_entry_monument, uniq_blork_the_orc, uniq_edmund
D:7:      hex_large, the_bakery
D:8:      minmay_overflow_temple_star_quad
D:9:      trog_ov_bears_minmay, orc_0_dummy, minmay_hedge_maze,
          guppyfry_shop_venom, uniq_harold, uniq_maurice
D:10:     lair_entry_dummy
D:11:     serial_shops, shop
D:12:     minmay_wizard_corner
Sewer:    sewer_co_tree
Ossuary:  ossuary_tomb_3

Skill      XL: |  1  2  3  4  5  6  7  8  9 10 11 12 |
---------------+-------------------------------------+-----
Transmutations | 3 4 5 6 8 10 11 | 11.4
Dodging        | 3 5 6 |  6.5
Unarmed Combat | 4 5 6 7 8 9 11 | 11.4
Poison Magic   | 1 2 3 |  3.0
Spellcasting   | 3 4 6 8 |  8.9
Ice Magic      | 1 3 5 6 |  6.0
Fighting       | 2 3 |  3.2
Invocations    | 1 3 |  3.0
Hexes          | 1 3 |  3.0
Evocations     | 3 |  3.5
Necromancy     | 1 |  1.2
Translocations | 1 |  1.3

Action                   |  1- 3 |  4- 6 |  7- 9 | 10-12 || total
-------------------------+-------+-------+-------+-------++-------
Melee: Unarmed           |    78 |   228 |   448 |   488 ||  1242
       Headbutt          |     6 |       |       |       ||     6
       Punch             |     3 |     4 |     9 |     4 ||    20
       Tailslap          |       |       |     1 |       ||     1
 Cast: Beastly Appendage |    16 |       |       |       ||    16
       Sticks to Snakes  |     3 |     1 |    10 |     4 ||    18
       Spider Form       |       |    13 |    24 |     3 ||    40
       Ice Form          |       |       |     2 |    37 ||    39
       Confusing Touch   |       |       |       |    10 ||    10
Invok: Lesser Servant of |       |       |       |     6 ||     6
Evoke: Wand              |       |       |     7 |     9 ||    16
  Use: Potion            |       |     2 |       |     6 ||     8
       Scroll            |       |     2 |     6 |    11 ||    19
 Stab: Sleeping          |       |     1 |     1 |     3 ||     5
       Distracted        |       |       |       |     1 ||     1
       Confused          |       |       |       |     6 ||     6
  Eat: Chunk             |     2 |     8 |    19 |    21 ||    50
       Ration            |       |       |       |     2 ||     2
Armor: Robe              |    13 |    24 |    35 |    24 ||    96
       Skin              |       |     2 |     9 |    77 ||    88
Dodge: Dodged            |    52 |   139 |   305 |   322 ||   818

Table legend:
 A = Non-vault XP
 B = Vault XP
 C = Vault XP percentage of total XP
 D = Non-vault monster count
 E = Vault monster count
 F = Vault count percentage of total count
                 A         B        C        D         E       F
            +---------+---------+-------+---------+---------+-------
      Total |   16000 |    4385 |  21.5 |     260 |      76 |  22.6
            +---------+---------+-------+---------+---------+-------
        D:1 |      37 |       0 |   0.0 |      20 |       0 |   0.0
        D:2 |     107 |     156 |  59.3 |      33 |      16 |  32.7
        D:3 |     175 |       6 |   3.3 |      22 |       2 |   8.3
        D:4 |     268 |     873 |  76.5 |      17 |       3 |  15.0
        D:5 |     834 |       0 |   0.0 |      27 |       0 |   0.0
        D:6 |    1319 |     234 |  15.1 |      25 |       2 |   7.4
        D:7 |     929 |     220 |  19.1 |      22 |       1 |   4.3
        D:8 |    1013 |       0 |   0.0 |      13 |       0 |   0.0
        D:9 |    1841 |    2094 |  53.2 |      21 |       8 |  27.6
       D:10 |    5726 |       0 |   0.0 |      30 |       0 |   0.0
       D:11 |    2620 |       0 |   0.0 |      20 |       0 |   0.0
       D:12 |    1131 |       0 |   0.0 |      10 |       0 |   0.0
      Sewer |       0 |     622 | 100.0 |       0 |      28 | 100.0
    Ossuary |       0 |     180 | 100.0 |       0 |      16 | 100.0
            +---------+---------+-------+---------+---------+-------
